 Dungeon Crawl Stone Soup version 0.21.1-1-g345015f (webtiles) character file.

522 torrenera the Skirmisher (level 7, -3/76 HPs)
             Began as an Ogre Fighter on Apr 10, 2018.
             Slain by an ogre
             ... wielding a +0 giant club
              (18 damage)
             ... on level 4 of the Dungeon.
             The game lasted 00:08:40 (4549 turns).

torrenera the Skirmisher (Ogre Fighter)             Turns: 4549, Time: 00:08:41

Health: -3/76      AC:  3    Str: 21    XL:     7   Next: 22%
Magic:  7/7        EV:  8    Int: 11    God:
Gold:   88         SH:  8    Dex:  8    Spells: 6/6 levels left

rFire    . . .     SeeInvis .   a - +0 flail
rCold    . . .     Gourm    .   c - +0 shield
rNeg     . . .     Faith    .   g - +0 robe
rPois    .         Spirit   .   (helmet restricted)
rElec    .         Reflect  .   (no cloak)
rCorr    .         Harm     .   (gloves unavailable)
MR       .....                  (boots unavailable)
Stlth    +.........             (no amulet)
HPRegen  0.22/turn              (no ring)
MPRegen  0.10/turn              (no ring)

@: no status effects
A: large, unfitting armour, tough skin 1
a: no special abilities


You were on level 4 of the Dungeon.
You were not hungry.

You visited 1 branch of the dungeon, and saw 4 of its levels.

You collected 270 gold pieces.
You spent 182 gold pieces at shops.

Inventory:

Hand Weapons
 a - a +0 flail (weapon)
 b - a +0 blowgun
 l - a cursed -1 dagger
 x - a +0 giant spiked club
Missiles
 j - 104 stones (quivered)
 v - 41 poisoned needles
Armour
 c - a +0 shield (worn)
 g - a +0 robe (worn)
Wands
 t - a wand of random effects (34)
Scrolls
 i - a scroll of enchant weapon {unknown}
 k - 3 scrolls of identify
 n - a scroll of remove curse {unknown}
 p - a scroll of enchant armour {unknown}
 q - a scroll of teleportation
 s - a scroll of magic mapping
 y - a scroll of fog {unknown}
Potions
 d - 3 potions of might
 e - a potion of resistance
 h - 4 potions of curing
 m - 2 potions of flight
 o - 2 potions of magic
 r - a potion of cancellation
 w - 2 potions of lignification {unknown}
 A - a potion of haste
Books
 u - a book of Changes

   Spells                             Type                      Level
   a - Beastly Appendage              Transmutation                1
   b - Sticks to Snakes               Transmutation                2
   c - Spider Form                    Transmutation/Poison         3
   d - Ice Form                       Ice/Transmutation            4
   e - Blade Hands                    Transmutation                5
Comestibles
 f - 5 rations
 z - 7 chunks of flesh


   Skills:
 + Level 6.4 Fighting
 * Level 6.0 Maces & Flails
 - Level 2.6 Dodging
 - Level 2.6 Shields


You had 6 spell levels left.
You didn't know any spells.

Dungeon Overview and Level Annotations

Branches:
Dungeon (4/15)             Temple (0/1) D:4

Altars:
Elyvilon

Shops:
D:4 *

Annotations:
D:3 appiemonkey's ghost, amateur VSFi


Innate Abilities, Weirdness & Mutations

You are too large for most types of armour.
You have tough skin. (AC +1)


Message History

You thump the ogre!
The ogre is moderately wounded.
The ball python bites you but does no damage.
The ogre hits you with a giant club!
You thump the ball python!
You kill the ball python!
You hit the ogre but do no damage.
The ogre is moderately wounded.
You block the ogre's attack.
Your shield prevents you from hitting the ogre.
The ogre is moderately wounded.
The ogre hits you with a giant club!!
You hit the ogre.
The ogre is heavily wounded.
The ogre hits you with a giant club!!
* * * LOW HITPOINT WARNING * * *
You sock the ogre!
The ogre is almost dead.
The ogre hits you with a giant club!!
You die...

# # ###############
#.............#
####.##.##.##.##.#
.....#.........#.#
####.............#
# #.#..⌠...⌠..#@# #
#.#........?#O# #
#.....)>......# #
###.........### #
#..⌠...⌠..# #
...........!.
####.#.........#.#
.....##.##.##.##...
.##.....##..... ##


You could see an ogre.

Vanquished Creatures
  Sigmund (D:2)
  An ogre (D:3)
  A hound (D:4)
  A centaur skeleton (D:4)
  2 orc wizards
  A worker ant (D:4)
  4 gnolls (D:3)
  3 adders
  An ooze (D:3)
  An adder skeleton (D:4)
  2 worms (D:2)
  3 dart slugs (D:1)
  8 leopard geckos
  3 orcs
  3 ball pythons
  3 giant cockroaches
  4 goblins
  8 hobgoblins
  2 quokkas
  4 bats
  4 frilled lizards
  5 kobolds
  7 rats
72 creatures vanquished.

Notes
Turn   | Place    | Note
-------+----------+-------------------------------------------
     0 | D:1      | torrenera the Ogre Fighter began the quest for the Orb.
     0 | D:1      | Reached XP level 1. HP: 24/24 MP: 1/1
     6 | D:1      | Noticed an anaconda
     6 | D:1      | Noticed a wolf
     6 | D:1      | Noticed a lindwurm
     7 | D:1      | Noticed a wyvern
   275 | D:1      | Reached XP level 2. HP: 31/33 MP: 2/2
   535 | D:1      | Reached XP level 3. HP: 40/41 MP: 3/3
   801 | D:2      | Found a faded altar of an unknown god.
   801 | D:2      | Noticed Sigmund
  1029 | D:2      | Reached skill level 5 in Fighting
  1073 | D:2      | Killed Sigmund
  1073 | D:2      | Reached XP level 4. HP: 41/52 MP: 4/4
  1073 | D:2      | Reached XP level 5. HP: 46/59 MP: 5/5
  1570 | D:3      | Noticed appiemonkey's ghost (amateur VSFi)
  1894 | D:3      | Reached XP level 6. HP: 57/67 MP: 6/6
  2432 | D:2      | Reached skill level 5 in Maces & Flails
  2436 | D:2      | HP: 3/67 [rat (2)]
  3818 | D:4      | Reached XP level 7. HP: 30/76 MP: 7/7
  4125 | D:4      | Found a white marble altar of Elyvilon.
  4392 | D:4      | Found Cyxyzuri's General Store.
  4402 | D:4      | Bought a potion of curing for 42 gold pieces
  4402 | D:4      | Bought a potion of haste for 140 gold pieces
  4510 | D:4      | Found a staircase to the Ecumenical Temple.
  4549 | D:4      | Slain by an ogre

Skill      XL: |  1  2  3  4  5  6  7 |
---------------+----------------------+-----
Maces & Flails | 2 4 5 6 |  6.0
Fighting       | 5 6 |  6.4
Dodging        | |  2.6
Shields        | |  2.6

Action                   |  1- 3 |  4- 6 |  7- 9 || total
-------------------------+-------+-------+-------++-------
Melee: Flail             |   109 |   153 |    27 ||   289
 Fire: Blowgun           |       |     2 |     6 ||     8
Throw: Stone             |     4 |     4 |       ||     8
Evoke: Wand              |       |     1 |       ||     1
  Use: Potion            |     1 |     3 |       ||     4
       Scroll            |       |     5 |       ||     5
  Eat: Chunk             |     1 |     8 |     3 ||    12
Armor: Robe              |    41 |    43 |     3 ||    87
Dodge: Dodged            |    44 |    51 |     6 ||   101
Block: Shield            |    69 |    81 |     8 ||   158
